 Dungeon Crawl Stone Soup version 0.18-b1-18-g7758cf2 (webtiles) character file.

70 Leszczynek the Skirmisher (level 4, 0/40 HPs)
             Began as a Hill Orc Venom Mage on May 2, 2016.
             Succumbed to an orc wizard's poison
             ... on level 2 of the Dungeon.
             The game lasted 00:12:41 (1524 turns).

Leszczynek the Skirmisher (Hill Orc Venom Mage)     Turns: 1524, Time: 00:12:42

Health: 0/40       AC:  3    Str: 10 (11) XL:     4   Next: 21%
Magic:  6/6        EV: 12    Int: 15      God:
Gold:   86         SH:  0    Dex: 10 (11) Spells: 2 memorised, 3 levels left

rFire  + . .     SeeInvis .     f - +0 short sword (venom)
rCold  + . .     Gourm    .     a - +0 robe
rNeg   . . .     Faith    .     (no shield)
rPois  +         Spirit   .     s - +0 helmet
rElec  +         Dismiss  .     (no cloak)
rCorr  +         Reflect  .     (no gloves)
SustAt .         Harm     .     (no boots)
MR     .....                    (no amulet)
Stlth  ++........               (no ring)
                                (no ring)

@: lethally poisoned (0 -> -7), about to teleport, resistant, very slightly
contaminated, hasted, very quick, not resistant to hostile enchantments,
unstealthy
A: no striking features
a: no special abilities


You were on level 2 of the Dungeon.
You were not hungry.

You visited 1 branch of the dungeon, and saw 3 of its levels.

You collected 86 gold pieces.

Inventory:

Hand Weapons
 f - a +0 short sword of venom (weapon)
 k - a +0 hand axe
Missiles
 h - 10 bolts
 i - 33 arrows
Armour
 a - a +0 robe (worn)
 s - a +0 helmet (worn)
Scrolls
 g - a scroll of magic mapping
 n - a scroll of blinking {unknown}
 o - a scroll of amnesia {unknown}
 p - a scroll of identify {unknown}
Books
 b - a Young Poisoner's Handbook

   Spells                             Type                      Level
   a - Sting                          Conjuration/Poison           1
   b - Cure Poison                    Poison                       2
   c - Mephitic Cloud                 Conjuration/Poison/Air       3
   d - Olgreb's Toxic Radiance        Poison                       4
   e - Venom Bolt                     Conjuration/Poison           5
Comestibles
 c - 2 bread rations
 m - a royal jelly
 r - a chunk of flesh


   Skills:
 + Level 3.7 Fighting
 * Level 2.3 Axes
 - Level 1.5 Dodging
 - Level 1.5 Stealth
 - Level 1.5 Spellcasting
 - Level 3.6 Poison Magic


You had 3 spell levels left.
You knew the following spells:

 Your Spells              Type           Power        Failure   Level  Hunger
a - Sting                 Conj/Pois      #...         12%         1    ##.....
b - Cure Poison           Pois           ##........   12%         2    ###....


Dungeon Overview and Level Annotations

Branches:
Dungeon (3/15)

Altars:
Dithmenos
Elyvilon
Okawaru
Sif Muna
Vehumet
Xom
Yredelemnul

Annotations:
D:2 !, Sigmund


Message History

Unknown command.
You hit the bat.
You kill the bat!
* * * LOW HITPOINT WARNING * * *
You feel sick. The bat closely misses you.
You closely miss the bat. The bat barely misses you.
You aren't carrying any potions.
Read which item? (? for menu, Esc to quit)
As you read the scroll labeled SIOGA SY KEFAH, it crumbles to dust.
You feel aware of your surroundings.
It was a scroll of magic mapping.
* * * LOW HITPOINT WARNING * * *
You feel sick.
Read which item? (? for menu, Esc to quit)
As you read the scroll labeled USEKKE YPUFU, it crumbles to dust.
You assume a fearsome visage.
The goblin looks frightened!
The bat looks frightened!
It was a scroll of fear.
Read which item? (? for menu, Esc to quit)
As you read the scroll labeled YWIFEMU LOGE, it crumbles to dust.
You feel strangely unstable.
It was a scroll of teleportation.
You die...

,*,* *,*,* *#..#...#*,*
#J,.... ,*,* *,#,*
#..#...#*,**#.*#### ,*,*
*,#.####..#...#,,,,.,* ,*,*
*,.......>.b.$#,,#*.,*
,*,******.......b...##..#*,,*
,*,,,,,,,...###..##......,,,*
>*,******.,,* #.g.?.....#*,**
,*,* **,** ##.#####.##*,*
,*,* *,* #@# *,# *,******
,*,* *,* #.# *,* *,,,,,,,
,,,* *,****#.# *,* ********
,,,* *,,,,,..#****,*
,*********,,,,,...,,,,,*
,,,,,,,,,,,,**####******
*************


You could see a goblin (fleeing) and a bat (fleeing).

Vanquished Creatures
  An orc priest (D:3)
  An ooze (D:1)
  A dart slug (D:1)
  A giant gecko (D:3)
  5 orcs (D:3)
  2 giant cockroaches
  3 goblins (D:1)
  2 hobgoblins (D:1)
  4 jackals (D:3)
  2 kobolds (D:1)
  A bat (D:2)
  A giant newt (D:1)
  4 rats (D:1)
28 creatures vanquished.

Notes
Turn   | Place    | Note
--------------------------------------------------------------
     0 | D:1      | Leszczynek the Hill Orc Venom Mage began the quest for the Orb.
     0 | D:1      | Reached XP level 1. HP: 14/14 MP: 3/3
   102 | D:1      | Reached skill level 1 in Fighting
   311 | D:1      | Reached XP level 2. HP: 21/24 MP: 4/4
   619 | D:1      | Learned a level 2 spell: Cure Poison
   819 | D:2      | Noticed Sigmund
   886 | D:3      | Reached XP level 3. HP: 31/31 MP: 5/5
  1131 | D:3      | Found a shimmering altar of Xom.
  1287 | D:3      | Reached XP level 4. HP: 27/40 MP: 2/6
  1402 | D:3      | Found a white marble altar of Elyvilon.
  1405 | D:3      | Found a shadowy altar of Dithmenos.
  1406 | D:3      | Found an iron altar of Okawaru.
  1407 | D:3      | Found a basalt altar of Yredelemnul.
  1407 | D:3      | Found a deep blue altar of Sif Muna.
  1408 | D:3      | Found a radiant altar of Vehumet.
  1518 | D:2      | HP: 4/40 [bat (1)]
  1522 | D:2      | HP: 1/40 [poisoned by an orc wizard]
  1524 | D:2      | Succumbed to an orc wizard's poison

Skill      XL: |  1  2  3 |
---------------+----------+-----
Fighting       | 1 3 |  3.7
Axes           | 2 |  2.3
Dodging        | |  1.5
Stealth        | |  1.5
Spellcasting   | |  1.5
Poison Magic   | |  3.6

Action                   |  1- 3 |  4- 6 || total
-------------------------+-------+-------++-------
Melee: Short sword       |    88 |     7 ||    95
 Cast: Sting             |    19 |     1 ||    20
  Use: Potion            |     2 |     3 ||     5
       Scroll            |       |     3 ||     3
 Stab: Sleeping          |     1 |       ||     1
  Eat: Chunk             |     1 |       ||     1
       Pizza             |       |     1 ||     1
Armor: Robe              |    13 |    23 ||    36
Dodge: Dodged            |    48 |    31 ||    79
